 Dungeon Crawl Stone Soup version 0.19.3-1-g3169bf9 (webtiles) character file.

71 Jynx the Chiller (level 4, 0/30 HPs)
             Began as a Demonspawn Ice Elementalist on Jan 23, 2017.
             Killed from afar by Sigmund (12 damage)
             ... with a puff of flame
             ... on level 2 of the Dungeon.
             The game lasted 00:03:52 (2029 turns).

Jynx the Chiller (Demonspawn Ice Elementalist)      Turns: 2029, Time: 00:03:52

Health: 0/30       AC:  5    Str:  8    XL:     4   Next: 5%
Magic:  5/8        EV: 12    Int: 17    God:
Gold:   75         SH:  0    Dex: 14    Spells: 2 memorised, 5 levels left

rFire  . . .     SeeInvis .     i - +0 short sword
rCold  . . .     Gourm    .     a - +0 robe
rNeg   . . .     Faith    .     (no shield)
rPois  .         Spirit   .     (no helmet)
rElec  .         Reflect  .     (no cloak)
rCorr  .         Harm     .     n - +0 pair of gloves
MR     .....                    (no boots)
Stlth  ++........               (no amulet)
                                (no ring)
                                (no ring)

@: no status effects
A: hooves 1, iridescent scales 1
a: no special abilities


You were on level 2 of the Dungeon.
You were not hungry.

You visited 1 branch of the dungeon, and saw 2 of its levels.

You collected 75 gold pieces.

Inventory:

Hand Weapons
 i - a +0 short sword (weapon)
Armour
 a - a +0 robe (worn)
 n - a +0 pair of gloves (worn)
Jewellery
 h - a cursed ring of loudness {unknown}
Wands
 p - a wand of paralysis (9/24)
Scrolls
 d - 2 scrolls of remove curse {unknown}
 e - 2 scrolls of enchant armour {unknown}
 f - 2 scrolls of teleportation {unknown}
 g - a scroll of identify {unknown}
Potions
 j - a potion of brilliance {unknown}
 l - a potion of lignification {unknown}
 o - a potion of curing {unknown}
Books
 b - a book of Frost

   Spells                             Type                      Level
   a - Freeze                         Ice                          1
   b - Throw Frost                    Conjuration/Ice              2
   c - Ozocubu's Armour               Charms/Ice                   3
   d - Throw Icicle                   Conjuration/Ice              4
   e - Summon Ice Beast               Ice/Summoning                4
Comestibles
 c - 2 bread rations
 k - a meat ration
 m - a slice of pizza
 q - a beef jerky


   Skills:
 - Level 1.7 Dodging
 - Level 1.7 Stealth
 + Level 3.1 Spellcasting
   Level 1.0 Conjurations
 * Level 3.7 Ice Magic


You had 5 spell levels left.
You knew the following spells:

 Your Spells              Type           Power        Failure   Level  Hunger
a - Freeze                Ice            ###.         3%          1    None
b - Ozocubu's Armour      Chrm/Ice       #.......     24%         3    ###....


Dungeon Overview and Level Annotations

Branches:
Dungeon (2/15)

Altars:

Annotations:
D:2 Ijyb, Sigmund


Innate Abilities, Weirdness & Mutations

You have large cloven feet.
You are partially covered in iridescent scales. (AC +2)


Message History

Aim: a hobgoblin, wielding a club (lightly wounded)
You freeze the hobgoblin.
You kill the hobgoblin!
Casting: Freeze
Confirm with . or Enter, or press ? or * to list all spells.
Aiming: Freeze
Press: ? - help, Shift-Dir - straight line, f - hobgoblin
Aim: a hobgoblin, wielding a club You freeze the hobgoblin.
You kill the hobgoblin!
Something barely misses you.
Casting: Freeze
Confirm with . or Enter, or press ? or * to list all spells.
You can't see any susceptible monsters within range! (Use Z to cast anyway.) Ijyb the Twisted Goblin comes into view.
She is wielding a dagger.
Ijyb shouts!
A rat comes into view.
A puff of flame appears from out of thin air!
The puff of flame hits you!
You die...

♣.....##....# #......
♣####.##..### .....r...
♣###.....## ........# ♣........#
#....g.# . ♣.#......# ##......#
.. ♣.#......#### .
#.......##♣♣♣.♣........##..
#.#.......##.................
#...........@............##..
##.........###.####.......#..
.....$...........................
.#..........#...#...###########..
....#..?.#♣.♣.#.....# #..
..#...#..♣)♣.#.....###########..
##. ...#..♣.♣.................#..
#..##.##..♣.♣.......#........<#..
#......#..♣.♣....#............###


There were no monsters in sight!

Vanquished Creatures
  A gnoll (D:1)
  An adder (D:1)
  An ooze (D:1)
  2 dart slugs (D:1)
  3 leopard geckos (D:1)
  6 goblins (D:1)
  8 hobgoblins
  A quokka (D:2)
  3 bats
  3 frilled lizards (D:1)
  9 kobolds
  3 rats (D:1)
41 creatures vanquished.

Notes
Turn   | Place    | Note
-------+----------+-------------------------------------------
     0 | D:1      | Jynx the Demonspawn Ice Elementalist began the quest for the Orb.
     0 | D:1      | Reached XP level 1. HP: 13/13 MP: 3/3
   221 | D:1      | Gained mutation: You are partially covered in iridescent scales. (AC +2) [demonic ancestry]
   221 | D:1      | Reached XP level 2. HP: 16/19 MP: 0/5
   909 | D:1      | Reached XP level 3. HP: 10/24 MP: 0/7
  1286 | D:1      | Learned a level 3 spell: Ozocubu's Armour
  1667 | D:2      | Noticed Sigmund
  1998 | D:2      | Gained mutation: You have large cloven feet. [demonic ancestry]
  1998 | D:2      | Reached XP level 4. HP: 30/30 MP: 5/8
  2026 | D:2      | Noticed Ijyb
  2029 | D:2      | Killed from afar by Sigmund

Skill      XL: |  1  2  3 |
---------------+----------+-----
Ice Magic      | 3 |  3.7
Spellcasting   | 3 |  3.1
Dodging        | |  1.7
Stealth        | |  1.7
Conjurations   | |  1.0

Action                   |  1- 3 |  4- 6 || total
-------------------------+-------+-------++-------
Melee: Unarmed           |    20 |       ||    20
       Short sword       |     2 |       ||     2
 Cast: Freeze            |    70 |     4 ||    74
       Ozocubu's Armour  |     2 |       ||     2
  Use: Potion            |     1 |       ||     1
  Eat: Chunk             |     4 |       ||     4
Armor: Robe              |    31 |     1 ||    32
Dodge: Dodged            |    67 |     1 ||    68
